Construct Section Command Post
Construct Platoon Command Post
Unlock M3 Stuart Light Tanks
Selects Air and Sea Battlegroup
Construct Field Infirmary
Selects Commando Section Paradrop
Selects Commando LMG Section Paradrop
Commando Section Paradrop
Commando LMG Section Paradrop
Construct Company Command Post
Selects Centaur Medium Tank
Unlock M3 Grant Medium Tanks
Selects Incendiary Bombing Run
Commando LMG Section Paradrop
6-pounder Anti-tank Gun Team
Commando LMG Section Paradrop
Commando LMG Section Paradrop